 Dungeon Crawl Stone Soup version 0.27.1-4-g1640c2035a (webtiles) character file.

Game seed: 1824213043263416699

12815 wingedge the Spear-Bearer (level 11, -1/87 HPs)
             Began as a Merfolk Gladiator on Nov 4, 2021.
             Was a High Priest of Okawaru.
             Slain by a komodo dragon (21 damage)
             ... on level 12 of the Dungeon.
             The game lasted 00:56:42 (14079 turns).

wingedge the Spear-Bearer (Merfolk Gladiator)      Turns: 14079, Time: 00:56:43

Health: -1/87      AC: 16    Str: 19    XL:     11   Next: 99%
Magic:  19/19      EV: 12    Int:  7    God:    Okawaru [*****.]
Gold:   545        SH: 13    Dex: 21    Spells: 14/21 levels left

rFire    . . .     SeeInvis .   N - +4 spear
rCold    . . .     Faith    .   q - +2 kite shield
rNeg     . . .     Spirit   .   p - +1 scale mail {rPois}
rPois    +         Reflect  .   w - +2 hat {Stlth+}
rElec    .         Harm     .   z - +0 cloak {rCorr}
rCorr    +         Rampage  .   t - +0 pair of gloves
Will     .....                  (no boots)
Stlth    ++........             K - amulet of regeneration
HPRegen  1.24/turn              n - +6 ring of dexterity
MPRegen  0.16/turn              D - +4 ring of protection

@: about to teleport
A: (nimble swimmer 2), mertail
a: Renounce Religion, Heroism, Finesse


You were on level 12 of the Dungeon.
You worshipped Okawaru.
Okawaru was extremely pleased with you.
You visited 2 branches of the dungeon, and saw 13 of its levels.

You collected 545 gold pieces.

Inventory:

Hand Weapons
 a - a +0 trident
 g - a +0 spear
 M - a +3 halberd of freezing
 N - a +4 spear (weapon)
Missiles
 d - 6 atropa-tipped darts (quivered)
 u - 20 bolts
Armour
 b - a +0 leather armour
 c - a +0 helmet
 e - the +0 hat of Togy {Contam Dex+3}
   (Okawaru gifted it to you on level 10 of the Dungeon)

   Dex:       It affects your dexterity (+3).
   Contam:    It causes magical contamination when unequipped.
 h - a +0 ring mail
 o - a +0 kite shield
 p - a +1 scale mail of poison resistance (worn)
 q - a +2 kite shield (worn)
 t - a +0 pair of gloves (worn)
 w - a +2 hat of stealth (worn)
 z - a +0 cloak of preservation (worn)
Jewellery
 n - a +6 ring of dexterity (left hand)
 v - a ring of protection from cold
 B - a ring of protection from cold
 C - a +6 ring of intelligence
 D - a +4 ring of protection (right hand)
 E - a ring of see invisible
 F - a ring of wizardry
 K - an amulet of regeneration (around neck)
 O - a ring of willpower
Wands
 H - a wand of charming (9)
 L - a wand of flame (16)
Scrolls
 f - 4 scrolls of identify
 i - 3 scrolls of vulnerability
 j - 2 scrolls of enchant weapon
 k - 2 scrolls of teleportation
 l - a scroll of immolation
 y - 2 scrolls of silence
 A - 3 scrolls of torment
 I - 3 scrolls of amnesia
 P - a scroll of fear {unknown}
Potions
 m - 3 potions of mutation
 r - a potion of flight
 s - a potion of ambrosia
 G - a potion of brilliance
 J - a potion of cancellation
 Q - a potion of attraction {unknown}


   Skills:
 * Level 8.9 Fighting
 * Level 12.9 Polearms
 - Level 2.1 Throwing
 + Level 4.9 Armour
 - Level 6.3 Dodging
 - Level 2.4 Stealth
 * Level 6.8 Shields
 * Level 5.7 Spellcasting
 + Level 6.3 Transmutations
 + Level 5.2 Ice Magic
 + Level 4.1 Invocations


You had 14 spell levels left.
You knew the following spells:

 Your Spells              Type           Power      Damage    Failure   Level
a - Ice Form              Ice/Tmut       10%        N/A       88%         4
b - Freeze                Ice            36%        1d6       24%         1
c - Wereblood             Tmut           10%        N/A       24%         2

Your spell library contained the following spells:

 Spells                   Type           Power      Damage    Failure   Level
 Magic Dart               Conj           8%         1d3       91%         1
 Ignite Poison            Fire/Tmut/Pois 4%         N/A       95%         3
 Sublimation of Blood     Necr           1%         N/A       97%         2
 Dazzling Flash           Conj/Hex       4%         N/A       99%         3
 Mephitic Cloud           Conj/Pois/Air  2%         N/A       99%         3
 Petrify                  Tmut/Erth      6%         N/A       99%         4
 Hailstorm                Conj/Ice       5%         3d4       100%        4
 Agony                    Necr           2%         N/A       100%        5
 Bolt of Magma            Conj/Fire/Erth 1%         4d4       100%        5
 Excruciating Wounds      Necr           1%         N/A       100%        5
 Iskenderun's Battlesphe  Conj           2%         2d6       100%        5
 Metabolic Englaciation   Hex/Ice        2%         N/A       100%        5
 Silence                  Hex/Air        1%         N/A       100%        5
 Simulacrum               Ice/Necr       2%         N/A       100%        6
 Summon Hydra             Summ           1%         N/A       100%        7


Dungeon Overview and Level Annotations

Branches:
Dungeon (12/15)            Temple (1/1) D:6            Lair (0/6) D:10
    Orc (0/2) D:9

Altars:
Ashenzari
Cheibriados
Elyvilon
Fedhas
Gozag
Hepliaklqana
Kikubaaqudgha
Makhleb
Nemelex Xobeh
Okawaru
Qazlal
Ru
Sif Muna
Trog
Uskayaw
Vehumet
Yredelemnul
Zin
The Shining One

Shops:
D:8 [


Innate Abilities, Weirdness & Mutations

((You are quick and stealthy near water. (Stealth+, EV+, Speed+++)))
Your lower body shifts to a powerful aquatic tail in water.


Message History

You feel better.
The komodo dragon bites you but does no damage.
You block the orc warrior's attack. The orc priest closely misses you.
The orc priest hits you but does no damage.
The orc hits you but does no damage.
As you read the scroll of teleportation, it crumbles to dust.
You feel strangely unstable. You block the komodo dragon's attack.
The orc warrior hits you but does no damage.
The orc priest barely misses you. You block the orc's attack.
The orc priest barely misses you.
Okay, then.
Reach: N) +4 spear
Press: ? - help, Dir - move target, f - orc priest
Aim: an orc priest, wielding a +0 short sword and wearing a +0 scale mail (almost dead, about 23% to evade your +4 spear)
You hit the orc priest but do no damage.
The orc priest is almost dead.
The komodo dragon bites you but does no damage.
You block the orc warrior's attack.
The orc priest calls down the wrath of Beogh upon you.
Pain shoots through your body!
* * * LOW HITPOINT WARNING * * *
Okay, then.
Reach: N) +4 spear
Press: ? - help, Dir - move target, f/p - orc priest
Aim: an orc priest, wielding a +0 short sword and wearing a +0 scale mail (almost dead, about 23% to evade your +4 spear)
You hit the orc priest but do no damage.
The orc priest is almost dead.
You block the orc priest's attack. The orc closely misses you.
You block the komodo dragon's attack. You block the orc warrior's attack.
Reach: N) +4 spear
Press: ? - help, Dir - move target, f/p - orc priest
Aim: an orc priest, wielding a +0 short sword and wearing a +0 scale mail (almost dead, about 23% to evade your +4 spear)
You hit the orc priest.
You kill the orc priest!
Okawaru accepts your kill. You block the orc's attack.
The orc priest hits you with a +0 short sword.
* * * LOW HITPOINT WARNING * * *
The komodo dragon bites you!!
You die...

##.## ##..#
##..## ##..##
#...# ##..##
##...# ##o...#
#@o..##
#.....ool..#
#.###..........
# ###....(... #
##.(...... #
##....... .
...#### .. #..#
#.# ..


You could see a komodo dragon, an orc warrior, an orc priest and 2 orcs.

Vanquished Creatures
  Gastronok (D:9)
  A boulder beetle (D:11)
  3 two-headed ogres
  A centaur warrior (D:9)
  A gargoyle (D:11)
  A troll (D:10)
  A hornet (D:11)
  Prince Ribbit (D:9)
  A wraith (D:9)
  13 yaks
  Grum (D:9)
  Edmund (D:5)
  A water moccasin (D:5)
  An orc warrior (D:6)
  2 ice beasts
  A sky beast (D:8)
  2 necrophages
  5 wolves
  3 centaurs
  6 bullfrogs
  3 scorpions
  2 wyvern zombies
  2 water moccasin skeletons (D:6)
  9 killer bees
  9 wights
  6 howler monkeys
  4 electric eels (D:10)
  6 centaur zombies
  3 orc priests
  5 hounds
  A human zombie (D:10)
  An iron imp (D:11)
  Jessica (D:2)
  4 iguanas
  4 orc wizards
  A scorpion zombie (D:5)
  A killer bee zombie (D:8)
  A howler monkey zombie (D:10)
  Robin (D:3)
  8 gnolls
  10 adders
  2 white imps
  An ufetubus (D:6)
  2 worms
  2 dart slugs (D:1)
  19 orcs
  4 ball pythons
  2 endoplasms
  4 giant cockroaches
  15 goblins
  12 hobgoblins
  8 kobolds
  2 quokkas (D:3)
  3 bats
  4 frilled lizards
  4 rats
213 creatures vanquished.

Vanquished Creatures (others)
  A plant (D:3)
1 creature vanquished.

Grand Total: 214 creatures vanquished

Notes
Turn   | Place    | Note
-------+----------+-------------------------------------------
     0 | D:1      | wingedge the Merfolk Gladiator began the quest for the Orb.
     0 | D:1      | Reached XP level 1. HP: 16/16 MP: 1/1
   305 | D:1      | Reached XP level 2. HP: 19/22 MP: 2/2
   571 | D:1      | Reached skill level 5 in Polearms
   709 | D:1      | Reached XP level 3. HP: 28/28 MP: 3/3
  1688 | D:2      | You fall into a shaft and drop 2 floors!
  1689 | D:4      | Noticed Robin
  1727 | D:3      | Found a shimmering blue altar of Sif Muna.
  1966 | D:2      | Noticed Jessica
  1978 | D:2      | Killed Jessica
  1979 | D:2      | Reached XP level 4. HP: 22/34 MP: 4/4
  1983 | D:2      | Reached skill level 1 in Armour
  1995 | D:2      | Reached skill level 6 in Polearms
  2567 | D:3      | Found a faded altar of an unknown god.
  2697 | D:3      | Reached XP level 5. HP: 40/40 MP: 5/5
  3500 | D:3      | Reached skill level 5 in Dodging
  3703 | D:3      | Reached skill level 7 in Polearms
  3703 | D:3      | Reached skill level 1 in Shields
  3703 | D:3      | Reached XP level 6. HP: 37/47 MP: 6/6
  3813 | D:3      | Killed Robin
  5109 | D:4      | Learned a level 4 spell: Ice Form
  5119 | D:5      | Entered Level 5 of the Dungeon
  5139 | D:5      | Noticed a water moccasin
  5156 | D:5      | Killed a water moccasin
  5157 | D:5      | Reached skill level 1 in Stealth
  5157 | D:5      | Reached XP level 7. HP: 18/52 MP: 7/7
  5870 | D:5      | Reached skill level 8 in Polearms
  6154 | D:5      | Noticed Edmund
  6183 | D:5      | Killed Edmund
  6184 | D:5      | Reached XP level 8. HP: 28/60 MP: 8/8
  6458 | D:5      | Found a blossoming altar of Fedhas.
  6781 | D:6      | Got Isatriti's Almanac of Confrontation and Darkness
  7031 | D:6      | Reached skill level 9 in Polearms
  7081 | D:6      | Reached skill level 1 in Transmutations
  7081 | D:6      | Reached skill level 1 in Ice Magic
  7346 | D:6      | Reached skill level 1 in Spellcasting
  7538 | D:6      | Found a staircase to the Ecumenical Temple.
  7557 | Temple   | Entered the Ecumenical Temple
  7760 | Temple   | Became a worshipper of Warmaster Okawaru
  8179 | D:7      | Reached XP level 9. HP: 60/67 MP: 9/11
  8189 | D:7      | Reached skill level 5 in Fighting
  8241 | D:7      | Found a burning altar of Makhleb.
  8241 | D:7      | Found a basalt altar of Yredelemnul.
  8302 | D:7      | Got the Compendium of the Rocks and Cold
  8305 | D:7      | Learned a level 1 spell: Freeze
  8899 | D:7      | Found a glowing golden altar of the Shining One.
  9407 | D:7      | Reached skill level 10 in Polearms
  9427 | D:7      | Reached * piety under Okawaru
  9527 | D:7      | Noticed a two-headed ogre
  9543 | D:7      | Killed a two-headed ogre
  9544 | D:7      | Reached skill level 5 in Shields
  9823 | D:8      | Learned a level 2 spell: Wereblood
  9888 | D:8      | Reached XP level 10. HP: 54/77 MP: 14/14
 10131 | D:8      | Found Bicsumued's Armour Boutique.
 10167 | D:8      | Reached ** piety under Okawaru
 10266 | D:8      | Reached skill level 1 in Invocations
 10901 | D:9      | Noticed a centaur warrior
 10926 | D:9      | Killed a centaur warrior
 10927 | D:9      | Reached skill level 11 in Polearms
 11152 | D:9      | Reached *** piety under Okawaru
 11511 | D:9      | Noticed Prince Ribbit
 11516 | D:9      | Noticed Gastronok
 11543 | D:9      | Killed Prince Ribbit
 11593 | D:9      | Killed Gastronok
 11593 | D:9      | Reached **** piety under Okawaru
 11594 | D:9      | Reached skill level 12 in Polearms
 11594 | D:9      | Reached skill level 5 in Transmutations
 11594 | D:9      | Reached XP level 11. HP: 31/86 MP: 14/17
 11604 | D:9      | Found a staircase to the Orcish Mines.
 11690 | D:9      | Reached ***** piety under Okawaru
 11883 | D:9      | Noticed Grum
 11906 | D:9      | Killed Grum
 12083 | D:10     | Entered Level 10 of the Dungeon
 12086 | D:10     | Noticed a two-headed ogre
 12097 | D:10     | Killed a two-headed ogre
 12097 | D:10     | Received a gift from Okawaru
 12255 | D:10     | Reached skill level 5 in Spellcasting
 12317 | D:10     | Identified the +0 hat of Togy {Contam Dex+3} (Okawaru
                  | gifted it to you on level 10 of the Dungeon)
 12317 | D:10     | Received a gift from Okawaru
 12366 | D:10     | Found a staircase to the Lair.
 12459 | D:10     | Found a radiant altar of Vehumet.
 12855 | D:10     | Found an ancient bone altar of Kikubaaqudgha.
 12904 | D:10     | Reached skill level 5 in Ice Magic
 13038 | D:10     | Noticed a two-headed ogre
 13052 | D:10     | Killed a two-headed ogre
 13217 | D:11     | Noticed a boulder beetle
 13259 | D:11     | Killed a boulder beetle
 13694 | D:11     | Found a snail-covered altar of Cheibriados.
 14079 | D:12     | Slain by a komodo dragon

Illustrated notes

Levels and vault maps discovered:
D:1:      lightli_arrival_chessboard, layout_basic, minmay_misc_feat_rugged
D:2:      minmay_alternating_diamond, layout_basic, hex_intersection,
          uniq_jessica
D:3:      layout_loops_corners, lemuel_round_altar,
          shapermc_ecumenical_altar_flowoftime
D:4:      layout_cave_pools, minmay_misc_feat_pillars, uniq_robin
D:5:      layout_gridville, general_overflow_altar,
          hangedman_abyss_or_decor_jellyfish_corner, uniq_edmund
D:6:      layout_loops_corners, minmay_temple_entry_hall,
          kennysheep_generic_room_11
D:7:      layout_basic, gammafunk_temple_overflow_claw
D:8:      layout_cave_pods, serial_shops, shop
D:9:      layout_long_grid, orc_0_dummy, grunt_ministairs_4,
          uniq_prince_ribbit1, uniq_gastronok, uniq_grum
D:10:     layout_loops_cross, kennysheep_mini_moat,
          lemuel_mausoleum_altar_kikubaaqudgha, erik_lair_island
D:11:     layout_small_grid, chei_slow_surprise
D:12:     layout_cave_pods, minmay_misc_feat_roman
Temple:   regret_index_temple_generic_petals

Skill      XL: |  1  2  3  4  5  6  7  8  9 10 11 |
---------------+----------------------------------+-----
Polearms       | 5 6 7 8 9 10 12 | 12.9
Armour         | 1 2 3 4 |  4.9
Dodging        | 5 6 |  6.3
Fighting       | 3 4 6 7 8 |  8.9
Shields        | 1 2 3 5 6 |  6.8
Stealth        | 1 2 |  2.4
Transmutations | 1 3 5 6 |  6.3
Ice Magic      | 1 3 4 5 |  5.2
Spellcasting   | 1 2 4 5 |  5.7
Invocations    | 2 4 |  4.1
Throwing       | |  2.1

Action                   |  1- 3 |  4- 6 |  7- 9 | 10-12 || total
-------------------------+-------+-------+-------+-------++-------
Melee: Trident           |   109 |   253 |   428 |   433 ||  1223
       Spear             |       |       |       |    96 ||    96
       Halberd           |       |       |       |    19 ||    19
       Tailslap          |       |       |       |     2 ||     2
Throw: Throwing net      |       |     2 |     3 |     2 ||     7
       Dart              |       |       |       |     3 ||     3
 Cast: Freeze            |       |       |     1 |       ||     1
       Wereblood         |       |       |       |     3 ||     3
Invok: Heroism           |       |       |     1 |     7 ||     8
       Finesse           |       |       |       |     1 ||     1
Evoke: Wand              |       |       |       |     2 ||     2
  Use: Potion            |       |     6 |     3 |     7 ||    16
       Scroll            |       |     6 |     3 |     8 ||    17
 Stab: Sleeping          |     2 |       |     1 |     7 ||    10
       Held in net/web   |       |     1 |       |     2 ||     3
Armor: Leather armour    |    13 |       |     3 |       ||    16
       Scale mail        |     6 |   134 |   111 |   139 ||   390
       Skin              |       |    45 |       |       ||    45
Dodge: Dodged            |    64 |   125 |   178 |   168 ||   535
Block: Kite shield       |       |   186 |   214 |   285 ||   685
